[Event "8th Ali Ipek Tournament 2020"]
[Site "Ankara"]
[Date "2020.03.07"]
[Round "5.7"]
[White "Ozates, Mert"]
[Black "Aral, Demir"]
[Result "1-0"]
[ECO "A01"]
[WhiteElo "1810"]
[BlackElo "1554"]
[Annotator "NA RC"]
[PlyCount "111"]
[EventDate "2020.03.04"]
[EventType "swiss"]
[EventCountry "TUR"]
[SourceTitle "playchess.com"]
[Source "ChessBase"]
[SourceQuality "1"]
[TimeControl "5400+30"]

1. b3 e5 2. Bb2 Nc6 3. e3 Nf6 4. Bb5 d6 5. d4 exd4 6. exd4 a6 7. Bxc6+ bxc6 8. Nf3 Bg4 9. O-O d5 10. Re1+ Be7 11. Ba3 Be6 12. Bxe7 Qxe7 13. Ng5 h6 14. Nxe6 fxe6 15. Nd2 O-O 16. Qe2 Rfe8 17. Nf3 Nd7 18. Ne5 Nxe5 19. Qxe5 c5 20. dxc5 Qxc5 21. c4 c6 22. Rac1 Qf8 23. Qc7 Rac8 24. Qd7 Qf7 25. Qd6 Qf6 26. cxd5 exd5 27. Rxe8+ Rxe8 28. Qxf6 gxf6 29. Kf1 Re6 30. Rc5 d4 31. Rc4 Kf7 32. Rxd4 Ke7 33. Ra4 c5 34. Ra5 Rc6 35. Ke2 Ke6 36. Kd3 f5 37. Ra4 Ke5 38. Rh4 Rd6+ 39. Ke3 Rg6 40. g3 Rf6 41. Ra4 Rc6 42. Ra5 Kf6 43. Ra4 Ke5 44. h3 Kf6 45. Rc4 Ke5 46. b4 Rb6 47. Rxc5+ Ke6 48. a3 Rd6 49. Ra5 Rc6 50. Rc5 Rd6 51. a4 Kf6 52. b5 axb5 53. axb5 Rd7 54. b6 Rd8 55. b7 Rb8 56. Rb5 1-0

[Event "8th Ali Ipek Tournament 2020"]
[Site "Ankara"]
[Date "2020.03.07"]
[Round "5.8"]
[White "Kolsuz, Umut"]
[Black "Demirci, Murat"]
[Result "0-1"]
[ECO "C79"]
[WhiteElo "1551"]
[BlackElo "1821"]
[Annotator "NA RC"]
[PlyCount "95"]
[EventDate "2020.03.04"]
[EventType "swiss"]
[EventCountry "TUR"]
[SourceTitle "playchess.com"]
[Source "ChessBase"]
[SourceQuality "1"]
[TimeControl "5400+30"]

1. e4 e5 2. Nf3 Nc6 3. Bb5 Nf6 4. O-O d6 5. Re1 a6 6. Ba4 b5 7. Bb3 Na5 8. d4 Nxb3 9. axb3 Bb7 10. d5 Be7 11. Bd2 O-O 12. c4 bxc4 13. bxc4 Nd7 14. Qc2 g6 15. Bh6 Re8 16. Nbd2 Bf8 17. Be3 Nf6 18. Nb3 c5 19. Na5 Bc8 20. Nc6 Qc7 21. b4 cxb4 22. Nxb4 a5 23. Nd2 Bd7 24. Nd3 Rec8 25. Reb1 Rab8 26. f3 a4 27. Rxb8 Rxb8 28. Rb1 Ra8 29. Rb6 Bh6 30. Bf2 Bxd2 31. Qxd2 Qxc4 32. Nb4 a3 33. Nc2 a2 34. Na1 Rc8 35. Be3 Bb5 36. Qe1 Nh5 37. g3 f5 38. exf5 Qxd5 39. fxg6 hxg6 40. Kf2 Rf8 41. Rxb5 Qxb5 42. Qc3 Qd5 43. Bg5 Qc5+ 44. Qxc5 dxc5 45. Be7 Rc8 46. Ke3 Kf7 47. Bg5 Rb8 48. Kd3 0-1

[Event "8th Ali Ipek Tournament 2020"]
[Site "Ankara"]
[Date "2020.03.07"]
[Round "5.9"]
[White "Alkan, Omer Tarik"]
[Black "Yildiz, Serdar Murat"]
[Result "1-0"]
[ECO "C02"]
[WhiteElo "1757"]
[BlackElo "1378"]
[Annotator "NA RC"]
[PlyCount "71"]
[EventDate "2020.03.04"]
[EventType "swiss"]
[EventCountry "TUR"]
[SourceTitle "playchess.com"]
[Source "ChessBase"]
[SourceQuality "1"]
[TimeControl "5400+30"]

1. e4 e6 2. d4 d5 3. e5 c5 4. c3 Nc6 5. Nf3 Bd7 6. Bd3 Qb6 7. O-O cxd4 8. cxd4 Nxd4 9. Nbd2 Nxf3+ 10. Nxf3 Bc5 11. b4 Qxb4 12. Rb1 Qa4 13. Qxa4 Bxa4 14. Rxb7 Bb6 15. Ng5 Nh6 16. Ba3 Bd8 17. Nf3 Bc6 18. Rc1 Ba4 19. Nd4 Bb6 20. Nc6 Ng8 21. Nb8 Bd8 22. Na6 Nh6 23. Nc7+ Bxc7 24. Rcxc7 Ng4 25. Bb4 a5 26. Bd6 Nh6 27. h3 Nf5 28. Rxf7 Nxd6 29. exd6 Kd8 30. Rxg7 e5 31. Bb5 Bxb5 32. Rxb5 d4 33. Rxe5 Rc8 34. Rxa5 d3 35. Rd5 Rc3 36. Rg3 1-0

[Event "8th Ali Ipek Tournament 2020"]
[Site "Ankara"]
[Date "2020.03.07"]
[Round "5.10"]
[White "Ersahince, Umut Utku"]
[Black "Soku, Mustafa Attila"]
[Result "1-0"]
[ECO "B06"]
[WhiteElo "1645"]
[BlackElo "1506"]
[Annotator "NA RC"]
[PlyCount "119"]
[EventDate "2020.03.04"]
[EventType "swiss"]
[EventCountry "TUR"]
[SourceTitle "playchess.com"]
[Source "ChessBase"]
[SourceQuality "1"]
[TimeControl "5400+30"]

1. e4 g6 2. d4 Bg7 3. Nf3 d6 4. Bd3 a6 5. a4 b6 6. O-O Nd7 7. Nbd2 e6 8. Re1 Ne7 9. Nc4 O-O 10. c3 Bb7 11. Bf4 Rc8 12. Qd2 f6 13. Rad1 e5 14. dxe5 Nxe5 15. Ncxe5 dxe5 16. Be3 Kh8 17. Qe2 Qe8 18. Bxa6 Bxa6 19. Qxa6 Ra8 20. Qb7 Qc8 21. Qxc8 Rfxc8 22. b3 Nc6 23. Nd2 Rd8 24. Nc4 Kg8 25. Kf1 Kf7 26. Ke2 Ke6 27. Rd2 f5 28. f3 f4 29. Bf2 Rxd2+ 30. Kxd2 Rd8+ 31. Kc2 g5 32. Ra1 Ra8 33. Na3 Bf6 34. Nb5 Bd8 35. Rd1 Ne7 36. Kb2 c6 37. Na3 Bc7 38. Nc4 c5 39. Na3 Rd8 40. Rxd8 Bxd8 41. b4 cxb4 42. cxb4 Nc6 43. Kc3 Nb8 44. Kc4 Nc6 45. Nc2 Na7 46. Na3 h5 47. a5 Nc8 48. a6 Kd6 49. Nb5+ Kc6 50. a7 Kb7 51. Kd5 Nxa7 52. Nxa7 Kxa7 53. b5 Bc7 54. h3 Kb7 55. Be1 Kc8 56. Kc6 Kd8 57. Bf2 Bb8 58. Bxb6+ Ke7 59. Bc5+ Ke6 60. Kb7 1-0

[Event "8th Ali Ipek Tournament 2020"]
[Site "Ankara"]
[Date "2020.03.07"]
[Round "5.11"]
[White "Pamuk, Yagiz"]
[Black "Ceylan, Arda (Ali Riza)"]
[Result "0-1"]
[ECO "C14"]
[WhiteElo "1385"]
[BlackElo "1637"]
[Annotator "NA RC"]
[PlyCount "64"]
[EventDate "2020.03.04"]
[EventType "swiss"]
[EventCountry "TUR"]
[SourceTitle "playchess.com"]
[Source "ChessBase"]
[SourceQuality "1"]
[TimeControl "5400+30"]

1. e4 e6 2. d4 d5 3. Nc3 Nf6 4. Bg5 Be7 5. e5 Nfd7 6. Bxe7 Qxe7 7. f4 a6 8. Nf3 c5 9. dxc5 Nc6 10. Bd3 Qxc5 11. Qd2 O-O 12. O-O-O b5 13. Kb1 b4 14. Ne2 a5 15. Ned4 Nxd4 16. Nxd4 Ba6 17. Bxa6 Rxa6 18. Rhe1 a4 19. Re3 Nb6 20. Rh3 Nc4 21. Qf2 Rfa8 22. Qh4 h6 23. Rg3 Kh7 24. Qg4 g6 25. Rh3 b3 26. Qg5 bxa2+ 27. Ka1 h5 28. g4 Qb4 29. Nb3 a3 30. Rxh5+ Kg8 31. Rb1 axb2+ 32. Rxb2 Qe1+ 0-1

[Event "8th Ali Ipek Tournament 2020"]
[Site "Ankara"]
[Date "2020.03.07"]
[Round "5.12"]
[White "Ergani, Efe"]
[Black "Bilen, Tuna"]
[Result "1-0"]
[ECO "D17"]
[WhiteElo "1668"]
[BlackElo "1367"]
[Annotator "NA RC"]
[PlyCount "73"]
[EventDate "2020.03.04"]
[EventType "swiss"]
[EventCountry "TUR"]
[SourceTitle "playchess.com"]
[Source "ChessBase"]
[SourceQuality "1"]
[TimeControl "5400+30"]

1. Nf3 d5 2. c4 c6 3. d4 Nf6 4. Nc3 dxc4 5. a4 Bf5 6. Ne5 e6 7. Nxc4 Bb4 8. Bg5 h6 9. Bh4 O-O 10. e3 Nbd7 11. Be2 c5 12. O-O Qe7 13. Bf3 g5 14. Bg3 cxd4 15. Qxd4 Bc5 16. Qd1 Rad8 17. Bc7 Rc8 18. Nb5 Nb6 19. Bd6 Bxd6 20. Qxd6 Qxd6 21. Ncxd6 Rc2 22. Nxf5 exf5 23. b3 a6 24. Nd4 Ne4 25. Nxc2 Rc8 26. Bxe4 fxe4 27. Nd4 a5 28. Rfc1 Rxc1+ 29. Rxc1 Nd5 30. Rc5 Nb4 31. Rxa5 b6 32. Rb5 Nd3 33. Rxb6 Nc5 34. a5 Kf8 35. a6 Nxa6 36. Rxa6 Ke7 37. Rxh6 1-0

[Event "8th Ali Ipek Tournament 2020"]
[Site "Ankara"]
[Date "2020.03.07"]
[Round "5.13"]
[White "Kamisli, Yigit"]
[Black "Saltik, Suleyman"]
[Result "1-0"]
[ECO "A57"]
[WhiteElo "1393"]
[BlackElo "1658"]
[Annotator "NA RC"]
[PlyCount "69"]
[EventDate "2020.03.04"]
[EventType "swiss"]
[EventCountry "TUR"]
[SourceTitle "playchess.com"]
[Source "ChessBase"]
[SourceQuality "1"]
[TimeControl "5400+30"]

1. d4 Nf6 2. Nf3 c5 3. d5 b5 4. c4 Bb7 5. b3 g6 6. Bb2 Bg7 7. e4 d6 8. Bd3 O-O 9. O-O bxc4 10. bxc4 Qb6 11. Qc2 Re8 12. Nc3 Na6 13. a3 Rab8 14. Rab1 Nc7 15. e5 Nd7 16. Ne4 Qa6 17. exd6 exd6 18. Bxg7 Kxg7 19. Qc3+ f6 20. Nfg5 h6 21. Nh3 Rf8 22. f4 Ne8 23. g4 Bc8 24. Rxb8 Nxb8 25. Nhf2 Kh7 26. h4 f5 27. Ng3 Ng7 28. h5 gxh5 29. Rb1 h4 30. Nxf5 Bxf5 31. gxf5 Kh8 32. f6 Nh5 33. f7+ Ng7 34. Qf6 Rxf7 35. Rxb8+ 1-0

[Event "8th Ali Ipek Tournament 2020"]
[Site "Ankara"]
[Date "2020.03.07"]
[Round "5.14"]
[White "Ada, Isa"]
[Black "Aydin, Aytac"]
[Result "0-1"]
[ECO "D13"]
[WhiteElo "1366"]
[BlackElo "1652"]
[Annotator "NA RC"]
[PlyCount "75"]
[EventDate "2020.03.04"]
[EventType "swiss"]
[EventCountry "TUR"]
[SourceTitle "playchess.com"]
[Source "ChessBase"]
[SourceQuality "1"]
[TimeControl "5400+30"]

1. d4 d5 2. g3 Nf6 3. Bg2 Bf5 4. c4 c6 5. cxd5 cxd5 6. Nc3 e6 7. Nf3 Nc6 8. O-O Be7 9. Bf4 h6 10. a3 O-O 11. Rc1 Rc8 12. b4 Bd6 13. Bxd6 Qxd6 14. Na4 b6 15. Nc3 Ne4 16. e3 Nxc3 17. Rxc3 Ne7 18. Rxc8 Rxc8 19. Qa4 Bd3 20. Re1 Qc7 21. Ne5 Bf5 22. Bf1 Qc3 23. Re2 Qc1 24. g4 Be4 25. f3 Bh7 26. Qxa7 Qc7 27. Qxc7 Rxc7 28. Rb2 f6 29. Nd3 Rc3 30. Nf2 Rxa3 31. e4 Rxf3 32. Bg2 Rc3 33. b5 Rc1+ 34. Bf1 dxe4 35. Re2 f5 36. gxf5 exf5 37. Rd2 e3 38. Rd1 0-1

[Event "8th Ali Ipek Tournament 2020"]
[Site "Ankara"]
[Date "2020.03.07"]
[Round "5.17"]
[White "Simsek, Ayaz"]
[Black "Nazli, Sertan"]
[Result "1/2-1/2"]
[ECO "C90"]
[WhiteElo "1055"]
[BlackElo "1745"]
[Annotator "NA RC"]
[PlyCount "71"]
[EventDate "2020.03.04"]
[EventType "swiss"]
[EventCountry "TUR"]
[SourceTitle "playchess.com"]
[Source "ChessBase"]
[SourceQuality "1"]
[TimeControl "5400+30"]

1. e4 e5 2. Nf3 Nc6 3. Bb5 a6 4. Ba4 Nf6 5. d3 b5 6. Bb3 Be7 7. c3 d6 8. O-O O-O 9. Nbd2 Na5 10. Bc2 c5 11. Re1 Nc6 12. Nf1 h6 13. Ng3 Re8 14. Be3 Be6 15. d4 cxd4 16. cxd4 Bg4 17. dxe5 Nxe5 18. Bf4 Bf8 19. Bxe5 dxe5 20. h3 Be6 21. Nxe5 Bd6 22. Nc6 Qc7 23. e5 Bc5 24. exf6 Qxg3 25. Nd4 Qh4 26. Qd3 Qxf6 27. Nf3 g6 28. Qc3 Qxc3 29. bxc3 Ba3 30. Rab1 Rac8 31. Re3 b4 32. cxb4 Rxc2 33. Rxa3 Bxa2 34. Re1 Rb8 35. Re4 Bc4 36. Ne5 1/2-1/2

[Event "8th Ali Ipek Tournament 2020"]
[Site "Ankara"]
[Date "2020.03.07"]
[Round "5.18"]
[White "Banci, Dogancan"]
[Black "Bayramiclilar, Yusuf Ruzgar"]
[Result "1/2-1/2"]
[ECO "B85"]
[WhiteElo "1634"]
[BlackElo "1435"]
[Annotator "NA RC"]
[PlyCount "121"]
[EventDate "2020.03.04"]
[EventType "swiss"]
[EventCountry "TUR"]
[SourceTitle "playchess.com"]
[Source "ChessBase"]
[SourceQuality "1"]
[TimeControl "5400+30"]

1. e4 c5 2. Nc3 e6 3. Nf3 Nc6 4. d4 cxd4 5. Nxd4 a6 6. Be3 d6 7. Be2 Nf6 8. O-O Be7 9. a4 O-O 10. Kh1 Nxd4 11. Bxd4 b6 12. f4 Bb7 13. Bf3 Qc7 14. Qe1 e5 15. Be3 Bc6 16. Qf2 Qb7 17. Bxb6 Nxe4 18. Nxe4 Bxe4 19. Bxe4 Qxe4 20. c3 Qc6 21. a5 Rab8 22. Qe2 Bd8 23. fxe5 dxe5 24. Qxe5 Bxb6 25. axb6 Rxb6 26. b4 Rb5 27. Qg3 Rc8 28. Qf3 Qxf3 29. Rxf3 Ra8 30. Rd3 Kf8 31. Kg1 a5 32. Kf2 g6 33. Re3 Kg7 34. Ke2 Rbb8 35. bxa5 Rb5 36. a6 Rb6 37. a7 Rb7 38. c4 Raxa7 39. Rxa7 Rxa7 40. Rc3 Kf6 41. Rc2 Ke5 42. Kd3 Ra3+ 43. Ke2 Kd4 44. c5 Ra7 45. c6 Rc7 46. Kf3 Kd5 47. Kf4 f6 48. Re2 Rxc6 49. Re7 h5 50. h4 Rc4+ 51. Kg3 Rg4+ 52. Kh3 f5 53. g3 Re4 54. Rg7 Re6 55. Ra7 Ke4 56. Ra4+ Kf3 57. Ra3+ Re3 58. Ra6 Kf2 59. Ra2+ Re2 60. Ra6 Re3 61. Ra2+ 1/2-1/2

[Event "8th Ali Ipek Tournament 2020"]
[Site "Ankara"]
[Date "2020.03.07"]
[Round "5.19"]
[White "Firat, Mehmet Bugra"]
[Black "Ari, Hasancan"]
[Result "1/2-1/2"]
[ECO "B15"]
[WhiteElo "1601"]
[BlackElo "1399"]
[Annotator "NA RC"]
[PlyCount "105"]
[EventDate "2020.03.04"]
[EventType "swiss"]
[EventCountry "TUR"]
[SourceTitle "playchess.com"]
[Source "ChessBase"]
[SourceQuality "1"]
[TimeControl "5400+30"]

1. e4 c6 2. d4 d5 3. Nc3 dxe4 4. Nxe4 Nf6 5. Nxf6+ exf6 6. Nf3 Bg4 7. Be2 Bd6 8. O-O O-O 9. h3 Bh5 10. Nh4 Bg6 11. Nxg6 fxg6 12. b3 Qc7 13. c4 Rd8 14. Bb2 c5 15. d5 Nd7 16. Bg4 f5 17. Bf3 Ne5 18. Re1 Re8 19. Be2 Nf7 20. Qd3 Ng5 21. Bf3 Qd7 22. Qc3 Ne4 23. Bxe4 fxe4 24. Re2 Be5 25. Qc2 Qf5 26. Bxe5 Rxe5 27. Rae1 Rae8 28. Re3 Qf4 29. Qd1 R5e7 30. Qe2 Qh4 31. Qd2 Qf4 32. Qc2 Qh4 33. a3 a5 34. Qd2 Rf7 35. f3 Rfe7 36. d6 Rd7 37. Rxe4 Rxe4 38. fxe4 Rxd6 39. Qxa5 Ra6 40. Qc3 Rxa3 41. e5 Rxb3 42. Qd2 Qd4+ 43. Qxd4 cxd4 44. Rd1 d3 45. Kf2 Kf7 46. Ke3 Ke6 47. Ke4 b6 48. Kd4 g5 49. Ke4 h5 50. Rd2 Rc3 51. Kd4 Rc2 52. Rxd3 Rxg2 53. Rb3 1/2-1/2

[Event "8th Ali Ipek Tournament 2020"]
[Site "Ankara"]
[Date "2020.03.08"]
[Round "6.1"]
[White "Yarashov, Azat"]
[Black "Zor, Alber Kadir"]
[Result "0-1"]
[ECO "A07"]
[WhiteElo "2218"]
[BlackElo "2119"]
[Annotator "ChessBase"]
[PlyCount "104"]
[EventDate "2020.03.04"]
[EventType "swiss"]
[EventCountry "TUR"]
[SourceTitle "playchess.com"]
[Source "ChessBase"]
[SourceQuality "1"]
[TimeControl "5400+30"]

1. Nf3 d5 2. g3 c6 3. Bg2 Bg4 4. h3 Bh5 5. b3 Nd7 6. Bb2 Ngf6 7. O-O e6 8. c4 Bd6 9. d4 Ne4 10. Qc1 Qe7 11. Ba3 a5 12. Bxd6 Qxd6 13. Qb2 f5 14. e3 Bxf3 15. Bxf3 Ndf6 16. Nc3 h5 17. Bxe4 fxe4 18. f4 exf3 19. Rxf3 O-O 20. Raf1 dxc4 21. bxc4 e5 22. Ne2 exd4 23. Nxd4 Qd7 24. Kg2 Ne4 25. Rf4 Rxf4 26. Rxf4 Re8 27. Qe2 Nf6 28. Qf2 c5 29. Nf5 Ne4 30. Qb2 Qd2+ 31. Qxd2 Nxd2 32. Rh4 g6 33. Nd6 Rxe3 34. Nxb7 Re2+ 35. Kg1 Nf3+ 36. Kf1 Re7 37. Nxa5 Nxh4 38. gxh4 Ra7 39. Nb3 Rxa2 40. Nxc5 Rc2 41. Nd3 Rxc4 42. Ne5 Rc1+ 43. Kg2 Kg7 44. Kg3 Rc3+ 45. Nf3 Kf6 46. Kf4 Ra3 47. Ng5 Ra4+ 48. Kg3 Kf5 49. Nf3 Ra3 50. Kf2 Kf4 51. Ng5 Ra2+ 52. Kf1 Kg3 0-1

[Event "8th Ali Ipek Tournament 2020"]
[Site "Ankara"]
[Date "2020.03.08"]
[Round "6.2"]
[White "Alkan, Ferman"]
[Black "Ibik, Halit Yavuz"]
[Result "1/2-1/2"]
[ECO "A29"]
[WhiteElo "1858"]
[BlackElo "1991"]
[Annotator "ChessBase"]
[PlyCount "145"]
[EventDate "2020.03.04"]
[EventType "swiss"]
[EventCountry "TUR"]
[SourceTitle "playchess.com"]
[Source "ChessBase"]
[SourceQuality "1"]
[TimeControl "5400+30"]

1. c4 e5 2. Nc3 Nf6 3. Nf3 Nc6 4. g3 d5 5. cxd5 Nxd5 6. d3 Be7 7. Bg2 Nb6 8. O-O Be6 9. a3 a5 10. Be3 O-O 11. Rc1 a4 12. Bxb6 cxb6 13. Nxa4 e4 14. Nd2 Bg5 15. e3 exd3 16. Nc3 f5 17. Nf3 Bf6 18. Nd2 Qd7 19. Qf3 Rfd8 20. h4 Ra5 21. Rfd1 h6 22. Bh1 g5 23. hxg5 hxg5 24. Qg2 Kf7 25. e4 Nd4 26. exf5 Rxf5 27. Re1 g4 28. Qxb7 Qxb7 29. Bxb7 Bg5 30. Nce4 Ne2+ 31. Kg2 Nxc1 32. Rxc1 Bxd2 33. Nxd2 Rc5 34. Rd1 Rc2 35. b3 Bd5+ 36. Bxd5+ Rxd5 37. Nc4 d2 38. Kf1 b5 39. Ne3 Rc1 40. Ke2 Rxd1 41. Kxd1 Rd4 42. Nf1 Ke6 43. Nxd2 Rd8 44. Ke2 Ra8 45. a4 bxa4 46. bxa4 Rxa4 47. Kf1 Kd5 48. Kg2 Kd4 49. Nf1 Kd3 50. Nh2 Rb4 51. Nf1 Ke2 52. Nh2 Ra4 53. Nf1 Ra8 54. Nh2 Rg8 55. Kg1 Rg7 56. Kg2 Ke1 57. Kg1 Ke2 58. Kg2 Kd3 59. Kg1 Ke4 60. Kg2 Kf5 61. Kg1 Ra7 62. Kg2 Ra8 63. Kg1 Ra2 64. Kg2 Ra1 65. Nf1 Re1 66. Nh2 Re4 67. Kg1 Ke5 68. Kg2 Kd4 69. Kg1 Kd3 70. Kg2 Ke2 71. Kg1 Ke1 72. Kg2 Ra4 73. Kg1 1/2-1/2

[Event "8th Ali Ipek Tournament 2020"]
[Site "Ankara"]
[Date "2020.03.08"]
[Round "6.3"]
[White "Pektas, Yigit"]
[Black "Alkan, Omer Tarik"]
[Result "1-0"]
[ECO "A45"]
[WhiteElo "2161"]
[BlackElo "1757"]
[Annotator "ChessBase"]
[PlyCount "83"]
[EventDate "2020.03.04"]
[EventType "swiss"]
[EventCountry "TUR"]
[SourceTitle "playchess.com"]
[Source "ChessBase"]
[SourceQuality "1"]
[TimeControl "5400+30"]

1. d4 Nf6 2. Bg5 c5 3. Nc3 cxd4 4. Qxd4 Nc6 5. Qh4 e6 6. e4 Bb4 7. Nge2 Be7 8. O-O-O d5 9. Nd4 Nxd4 10. Rxd4 e5 11. Bb5+ Bd7 12. Bxd7+ Qxd7 13. Rd3 d4 14. Qg3 Qd6 15. Bxf6 gxf6 16. Qg7 Rf8 17. Nd5 Rc8 18. Kb1 f5 19. Nxe7 Kxe7 20. Qxh7 Qc6 21. Qh4+ f6 22. Rd2 Rh8 23. Qg3 Qxe4 24. f3 Qe3 25. Qg7+ Ke6 26. Rd3 Qe2 27. Rc1 Rxc2 28. Rxc2 Qf1+ 29. Rc1 Qxd3+ 30. Ka1 Rc8 31. Rb1 Qb5 32. g4 d3 33. gxf5+ Kd5 34. Qxf6 Qc6 35. Qe7 d2 36. f6 Rc7 37. Qd8+ Qd6 38. Qg8+ Qe6 39. Qg5 Rc2 40. Qe3 Qf5 41. f7 Rc7 42. Qe4+ 1-0

[Event "8th Ali Ipek Tournament 2020"]
[Site "Ankara"]
[Date "2020.03.08"]
[Round "6.4"]
[White "Aydin, Aytac"]
[Black "Yaver, Faik Emre"]
[Result "0-1"]
[ECO "D30"]
[WhiteElo "1652"]
[BlackElo "2086"]
[Annotator "ChessBase"]
[PlyCount "86"]
[EventDate "2020.03.04"]
[EventType "swiss"]
[EventCountry "TUR"]
[SourceTitle "playchess.com"]
[Source "ChessBase"]
[SourceQuality "1"]
[TimeControl "5400+30"]

1. d4 d5 2. Nf3 e6 3. c4 a6 4. g3 dxc4 5. a4 c5 6. Bg2 Nc6 7. e3 cxd4 8. Nxd4 Bd7 9. O-O Bb4 10. Bd2 Bc5 11. Bc3 Nf6 12. Na3 O-O 13. Nxc6 Bxc6 14. Bxc6 bxc6 15. Nxc4 Ne4 16. Qc2 Qd5 17. Nd2 Nxc3 18. Qxc3 Rab8 19. Rfd1 Rfd8 20. Nb3 Qxd1+ 21. Rxd1 Rxd1+ 22. Kg2 Be7 23. Nd4 Bf6 24. Qc2 Ra1 25. Qxc6 g6 26. b3 Bxd4 27. exd4 Rd1 28. Qxa6 Rxb3 29. Qc8+ Kg7 30. Qc2 Rdb1 31. Qa2 R1b2 32. Qa1 Rd2 33. d5+ Rbb2 34. Qe1 Re2 35. Qc3+ e5 36. Qc5 e4 37. Kf1 e3 38. fxe3 Rec2 39. Qd4+ f6 40. Qd1 Rxh2 41. Kg1 Rbg2+ 42. Kf1 Rh1+ 43. Kxg2 Rxd1 0-1

[Event "8th Ali Ipek Tournament 2020"]
[Site "Ankara"]
[Date "2020.03.08"]
[Round "6.5"]
[White "Akin, Yagiz Cinar"]
[Black "Ersahince, Umut Utku"]
[Result "1/2-1/2"]
[ECO "C54"]
[WhiteElo "1861"]
[BlackElo "1645"]
[Annotator "NA"]
[PlyCount "59"]
[EventDate "2020.03.04"]
[EventType "swiss"]
[EventCountry "TUR"]
[SourceTitle "playchess.com"]
[Source "ChessBase"]
[SourceQuality "1"]
[TimeControl "5400+30"]

1. e4 e5 2. Nf3 Nc6 3. Bc4 Bc5 4. O-O Nf6 5. d3 O-O 6. c3 d5 7. exd5 Nxd5 8. b4 Be7 {[%emt 0:00:00] C54: Giuoco Piano: 4 c3 Nf6, main lines with 5 d4 and 5 d3.} 9. b5 Na5 10. Bxd5 {[%emt 0:00:30] 10.Bxd5 is better than 10.Nxe5.} Qxd5 11. c4 Qd7 12. Nc3 c6 13. bxc6 {[%emt 0:00:30] [#]} ({Reject} 13. Nxe5 Qd4 $17) 13... bxc6 $146 ({Predecessor:} 13... Nxc6 14. Nd5 Bd6 15. Bb2 Qf5 16. Re1 Re8 17. Qd2 Be6 18. Re4 f6 19. Rae1 Bf7 {0-1 (57) Eggleston,D (2390)-Stefansson,H (2514) Graz 2019}) 14. Qa4 Qc7 15. Bd2 Nb7 16. Rfe1 Nc5 17. Qc2 Bf5 18. Ne4 Rad8 (18... f6 $15) 19. Nxc5 Bxc5 20. Rxe5 Bxd3 21. Qc1 (21. Qb3 $5 Qb6 22. Be3 Qxb3 23. axb3 $11) 21... Bd4 22. Ba5 Qd7 23. Nxd4 Qxd4 24. Rg5 f6 25. Rg3 Rd7 26. c5 Bg6 27. Qc3 $11 Qxc3 28. Rxc3 Rb8 29. Rb3 Rdb7 30. Rxb7 1/2-1/2

[Event "8th Ali Ipek Tournament 2020"]
[Site "Ankara"]
[Date "2020.03.08"]
[Round "6.7"]
[White "Caberoglu, Arda"]
[Black "Ergani, Efe"]
[Result "1/2-1/2"]
[ECO "A45"]
[WhiteElo "1784"]
[BlackElo "1668"]
[Annotator "NA"]
[PlyCount "96"]
[EventDate "2020.03.04"]
[EventType "swiss"]
[EventCountry "TUR"]
[SourceTitle "playchess.com"]
[Source "ChessBase"]
[SourceQuality "1"]
[TimeControl "5400+30"]

1. d4 Nf6 2. Bg5 c5 3. d5 e6 4. e4 h6 5. Bxf6 Qxf6 6. Nc3 Na6 7. Bxa6 bxa6 8. Nf3 e5 9. O-O d6 10. Nd2 Be7 11. Nc4 g5 12. Qh5 O-O 13. Qe2 g4 14. f3 Qg6 15. Ne3 g3 16. hxg3 Qxg3 17. Nf5 Bxf5 18. exf5 Rab8 19. b3 c4 20. Ne4 Qf4 21. Qd2 Qxf5 22. Qxh6 f6 23. g4 Qh7 24. Qxh7+ Kxh7 25. Ng3 Rfc8 26. Nf5 Bf8 27. Rf2 Rc5 28. Rd2 Rbb5 29. a4 Rb4 30. bxc4 Rcxc4 31. Kg2 Rxa4 32. Rh1+ Kg8 33. Kg3 Rc7 34. Rdh2 Bg7 35. Nxd6 Rd4 36. Ne8 Re7 37. Nxg7 Rxg7 38. Rh8+ Kf7 39. Rd8 f5 40. Rb1 Kg6 41. d6 fxg4 42. fxg4 Kf6 43. d7 Rgxg4+ 44. Kh3 Rh4+ 45. Kg3 Ke7 46. Ra8 Rhg4+ 47. Kh3 Rh4+ 48. Kg3 Rhg4+ 1/2-1/2

[Event "8th Ali Ipek Tournament 2020"]
[Site "Ankara"]
[Date "2020.03.08"]
[Round "6.8"]
[White "Ceylan, Arda (Ali Riza)"]
[Black "Ozates, Mert"]
[Result "1/2-1/2"]
[ECO "D42"]
[WhiteElo "1637"]
[BlackElo "1810"]
[Annotator "NA"]
[PlyCount "60"]
[EventDate "2020.03.04"]
[EventType "swiss"]
[EventCountry "TUR"]
[SourceTitle "playchess.com"]
[Source "ChessBase"]
[SourceQuality "1"]
[TimeControl "5400+30"]

1. d4 Nf6 2. Nf3 d5 3. c4 e6 4. cxd5 Nxd5 5. Nc3 Nxc3 6. bxc3 c5 7. e3 Be7 8. Bd3 Nc6 9. O-O O-O 10. Rb1 b6 11. Qa4 Bb7 12. Ba3 cxd4 13. cxd4 Bxa3 14. Qxa3 Na5 15. Nd2 Qg5 $11 16. Ne4 Qd5 17. Rb5 Qd7 18. Rbb1 Rfd8 19. Rfd1 Rac8 20. Nc5 bxc5 21. Qxa5 cxd4 22. Qxa7 Bd5 23. Qxd4 Bxa2 24. Qxd7 Rxd7 25. Ra1 Bd5 26. Be4 Kf8 27. Rd2 Bc6 28. Rxd7 Bxd7 29. Ra8 Rxa8 30. Bxa8 Ke7 1/2-1/2

[Event "8th Ali Ipek Tournament 2020"]
[Site "Ankara"]
[Date "2020.03.08"]
[Round "6.9"]
[White "Demirci, Murat"]
[Black "Kamisli, Yigit"]
[Result "1-0"]
[ECO "A24"]
[WhiteElo "1821"]
[BlackElo "1393"]
[Annotator "NA"]
[PlyCount "75"]
[EventDate "2020.03.04"]
[EventType "swiss"]
[EventCountry "TUR"]
[SourceTitle "playchess.com"]
[Source "ChessBase"]
[SourceQuality "1"]
[TimeControl "5400+30"]

1. Nf3 Nf6 2. g3 g6 3. Bg2 Bg7 4. O-O O-O 5. c4 d6 6. Nc3 e5 7. d3 Nbd7 8. e3 {[%emt 0:00:30] A24: English Opening vs King's Indian: Lines without ...Nc6.} Re8 9. e4 {[%emt 0:02:30] [#]} Nf8 $146 ({Predecessor:} 9... c6 10. a3 Nf8 11. Kh1 h6 12. Ng1 Ne6 13. Nge2 Nc7 14. f4 exf4 15. Nxf4 Bg4 {½-½ (45) Kuzmichev,A (2118)-Siuniakov,I (2299) Kemerovo 2013}) 10. Rb1 Nh5 11. b4 f5 12. exf5 Bxf5 13. Ng5 Qc8 14. c5 Be6 15. Qf3 Rb8 16. cxd6 cxd6 17. Nxe6 Nxe6 18. Bd2 Kh8 19. Ne4 Qd7 20. Bh3 Qe7 21. Be3 b6 22. Qg4 d5 23. Ng5 Nxg5 24. Bxg5 Bf6 25. Bd2 Ng7 $11 26. Rfe1 Qd6 27. Rbc1 Nf5 28. Bc3 Rbc8 29. Qf3 Kg7 30. Bxf5 Rf8 31. Bxc8 Rxc8 32. Bxe5 Qxe5 33. Rxe5 Rxc1+ 34. Kg2 Bxe5 35. Qxd5 Kf6 36. d4 Bc7 37. h4 b5 38. Qg5+ 1-0

[Event "8th Ali Ipek Tournament 2020"]
[Site "Ankara"]
[Date "2020.03.08"]
[Round "6.10"]
[White "Ceneli, Mehmet Canay"]
[Black "Oktem, Ege Tuna"]
[Result "1/2-1/2"]
[ECO "D26"]
[WhiteElo "1431"]
[BlackElo "1546"]
[Annotator "NA"]
[PlyCount "130"]
[EventDate "2020.03.04"]
[EventType "swiss"]
[EventCountry "TUR"]
[SourceTitle "playchess.com"]
[Source "ChessBase"]
[SourceQuality "1"]
[TimeControl "5400+30"]

1. d4 d5 2. c4 dxc4 3. Nc3 c5 4. e3 cxd4 5. exd4 e6 6. Bxc4 Nf6 7. Nf3 Nc6 8. O-O Be7 9. Bf4 O-O 10. Rc1 a6 11. a4 Nb4 12. Qb3 b6 13. Rfd1 Bb7 14. Ne5 Nbd5 15. Bg5 Nxc3 16. bxc3 Nd5 17. Bd2 Bg5 18. Bxd5 Bxd5 19. c4 Bxd2 20. Rc2 Bxg2 21. Rcxd2 Bb7 22. Rd3 Rc8 23. a5 b5 24. cxb5 Bd5 25. Qb4 Rc1 26. Qd2 Rxd1+ 27. Qxd1 Qxa5 28. bxa6 Qxa6 29. Rg3 Ra8 30. Rc3 h6 31. Rc1 Qa4 32. Qh5 Qe8 33. Ng4 f5 34. Qxe8+ Rxe8 35. Ne3 Rd8 36. Nxd5 Rxd5 37. Rc4 Kf7 38. h4 Kf6 39. f4 g5 40. hxg5+ hxg5 41. fxg5+ Kxg5 42. Rc6 Kf6 43. Rc4 Kg5 44. Rc6 Rxd4 45. Rxe6 Kf4 46. Re2 Rd3 47. Rf2+ Rf3 48. Re2 Re3 49. Rb2 Kg4 50. Kf2 f4 51. Rb8 Rf3+ 52. Kg2 Rg3+ 53. Kf2 Rf3+ 54. Kg2 Re3 55. Kf2 Re5 56. Rg8+ Kf5 57. Kf3 Re3+ 58. Kf2 Re6 59. Kf3 Rf6 60. Rb8 Kg5 61. Rg8+ Kf5 62. Rb8 Rc6 63. Rb5+ Kf6 64. Kxf4 Rc4+ 65. Ke3 Rc3+ 1/2-1/2